 Dungeon Crawl Stone Soup version 0.32-a0-705-g60f233581c (webtiles) character file.

Game seed: 2391675310403085162

79 smashvw the Thrower (level 4, 0/51 HPs)
             Began as a Gnoll Wanderer on Mar 14, 2024.
             Slain by a cerulean imp
             ... wielding a +2 spear
             ... summoned by Natasha
              (1 damage)
             ... on level 3 of the Dungeon.
             The game lasted 00:04:07 (1887 turns).

smashvw the Thrower (Gnoll Wanderer)                Turns: 1887, Time: 00:04:08

Health: 0/51       AC: 22    Str: 13    XL:     4   Next: 38%
Magic:  14/14      EV:  2    Int: 11    God:
Gold:   74         SH:  0    Dex: 12    Spells: 5/5 levels left

rFire   . . .        a - +2 hand axe
rCold   . . .        (no shield)
rNeg    . . .        t - melded +0 chain mail
rPois   +            (helmet currently unavailable)
rElec   .            (cloak currently unavailable)
rCorr   .            (gloves currently unavailable)
SInv    .            m - melded +0 pair of boots
Will    .....        (no amulet)
Stlth   ++           i - ring of magical power
HPRegen 0.28/turn    (no ring)
MPRegen 0.14/turn

%: no passive effects
@: tree-form
A: stationary, stasis, torment immunity, boosted hp, (fangs 1), strong nose,
distributed training
a: no special abilities


You were on level 3 of the Dungeon.
You were a tree.
You visited 1 branch of the dungeon, and saw 3 of its levels.

You collected 74 gold pieces.

Inventory:

Hand Weapons
 a - a +2 hand axe (weapon)
 d - a +0 dagger
Missiles
 c - 15 poisoned darts (quivered)
 f - 6 atropa-tipped darts
Armour
 h - a +0 tower shield
 m - a +0 pair of boots (melded)
 t - a +0 chain mail (melded)
Jewellery
 i - a ring of magical power (left branch)
Talismans
 j - a flux talisman
Scrolls
 e - a scroll of teleportation
 g - a scroll of amnesia
 k - a scroll of fog
 o - a scroll of revelation
 r - a scroll of fear {unknown}
 u - a scroll of vulnerability {unknown}
Potions
 l - 2 potions of heal wounds {unknown}
 n - a potion of attraction {unknown}
 p - a potion of haste {unknown}
 q - a potion of berserk rage {unknown}
 s - a potion of brilliance {unknown}
 v - a potion of mutation {unknown}


   Skills:
 + Level 2.8 Fighting
 + Level 1.2 Short Blades
 + Level 1.2 Long Blades
 + Level 6.6 Axes
 + Level 1.2 Maces & Flails
 + Level 1.2 Polearms
 + Level 1.2 Staves
 + Level 1.2 Ranged Weapons
 + Level 10.5 Throwing
 + Level 2.8 Armour
 + Level 1.2 Dodging
 + Level 1.2 Stealth
 + Level 1.2 Shields
 + Level 1.2 Unarmed Combat
 + Level 1.2 Spellcasting
 + Level 1.0 Conjurations
 + Level 1.0 Hexes
 + Level 1.0 Summonings
 + Level 1.0 Necromancy
 + Level 1.0 Translocations
 + Level 1.0 Fire Magic
 + Level 1.0 Ice Magic
 + Level 1.0 Air Magic
 + Level 1.0 Earth Magic
 + Level 1.0 Alchemy
 + Level 1.3 Invocations
 + Level 1.2 Evocations
 + Level 1.1 Shapeshifting


You had 5 spell levels left.
You didn't know any spells.
Your spell library was empty.

Dungeon Overview and Level Annotations

Branches:
Dungeon (3/15)

Altars:
Lugonu

Portals:
Abyss: D:3

Annotations:
D:3 Natasha


Innate Abilities, Weirdness & Mutations

You are a tree.
Your roots penetrate the ground, keeping you stationary.
You cannot be teleported.
You are immune to unholy pain and torment.
Your maximum health is greatly increased.
Your equipment is partially melded.
((You have very sharp teeth.))
Your uncanny sense of smell can sniff out nearby items.
Your experience applies equally to all skills.


Message History

The gnoll hits you but does no damage. x2
You barely miss the gnoll.
The gnoll is severely wounded.
The gnoll hits you but does no damage. x2
You hit the gnoll.
The gnoll is severely wounded.
Natasha extends her claws.
The gnoll hits you but does no damage. The gnoll hits you with a +0 whip.
* * * LOW HITPOINT WARNING * * *
You hit the gnoll but do no damage.
The gnoll is severely wounded.
Natasha casts a spell.
The gnoll hits you but does no damage.
The gnoll hits you from afar with a +0 spear.
* * * LOW HITPOINT WARNING * * *
You hit the gnoll.
The gnoll is almost dead.
The gnoll hits you with a +0 whip.
* * * LOW HITPOINT WARNING * * *
The gnoll completely misses you.
Natasha mumbles some strange words.
Natasha glows brightly for a moment.
You hit the gnoll.
You kill the gnoll!
The gnoll hits you but does no damage.
Your Conjurations skill increases to level 1!
Your Hexes skill increases to level 1!
Your Summonings skill increases to level 1!
Your Necromancy skill increases to level 1!
Your Translocations skill increases to level 1!
Your Fire Magic skill increases to level 1!
Your Ice Magic skill increases to level 1!
Your Air Magic skill increases to level 1!
Your Earth Magic skill increases to level 1!
Your Alchemy skill increases to level 1!
You barely miss Natasha. Natasha claws you but does no damage.
The gnoll hits you from afar with a +0 spear.
* * * LOW HITPOINT WARNING * * *
The cerulean imp hits you from afar with a +2 spear.
You die...

#....#_. .#
#.#..... ∆ #.##
#.##..## #..##
##...... ∆ ....#
####### #.#.#
#...#
...######...#
..$..g5h♣.#.#
.....5g##...####
.###..# ###....#
###### #.g #..(.#
#..... ## #....#
#..... #....#
#.....
#....#####.....
#..............
#.................


You could see Natasha, a gnoll, 2 cerulean imps and a hobgoblin.

Vanquished Creatures
  An iguana (D:3)
  A gnoll (D:3)
  An adder (D:2)
  A ribbon worm (D:2)
  A dart slug (D:1)
  An orc (D:3)
  A ball python (D:1)
  3 bats (D:2)
  3 endoplasms
  A goblin (D:2)
  3 hobgoblins
  2 quokkas (D:2)
  5 kobolds
  4 rats
28 creatures vanquished.

Vanquished Creatures (others)
  2 lurking horrors (D:3)
2 creatures vanquished.

Grand Total: 30 creatures vanquished

Notes
Turn   | Place    | Note
-------+----------+-------------------------------------------
     0 | D:1      | Reached skill level 10 in Throwing
     0 | D:1      | smashvw the Gnoll Wanderer began the quest for the Orb.
     0 | D:1      | smashvw set off with the following items: a +2 hand axe, a
                  | potion of lignification, 15 poisoned darts, a +0 dagger, a
                  | scroll of teleportation, a +0 leather armour.
     0 | D:1      | Reached XP level 1. HP: 17/17 MP: 1/1
   226 | D:1      | Reached XP level 2. HP: 23/23 MP: 2/2
   479 | D:1      | Found a faded altar of an unknown god.
  1048 | D:2      | Reached XP level 3. HP: 16/28 MP: 3/3
  1129 | D:2      | Reached skill level 1 in Invocations
  1420 | D:3      | Found a one-way gate to the infinite horrors of the Abyss.
  1455 | D:3      | Found a corrupted altar of Lugonu.
  1703 | D:3      | Reached skill level 1 in Short Blades
  1703 | D:3      | Reached skill level 1 in Long Blades
  1703 | D:3      | Reached skill level 1 in Maces & Flails
  1703 | D:3      | Reached skill level 1 in Polearms
  1703 | D:3      | Reached skill level 1 in Staves
  1703 | D:3      | Reached skill level 1 in Ranged Weapons
  1703 | D:3      | Reached skill level 1 in Dodging
  1703 | D:3      | Reached skill level 1 in Stealth
  1703 | D:3      | Reached skill level 1 in Shields
  1703 | D:3      | Reached skill level 1 in Unarmed Combat
  1703 | D:3      | Reached skill level 1 in Spellcasting
  1703 | D:3      | Reached skill level 1 in Evocations
  1703 | D:3      | Reached skill level 1 in Shapeshifting
  1703 | D:3      | Reached XP level 4. HP: 10/34 MP: 5/5
  1869 | D:3      | Noticed Natasha
  1887 | D:3      | Reached skill level 1 in Conjurations
  1887 | D:3      | Reached skill level 1 in Hexes
  1887 | D:3      | Reached skill level 1 in Summonings
  1887 | D:3      | Reached skill level 1 in Necromancy
  1887 | D:3      | Reached skill level 1 in Translocations
  1887 | D:3      | Reached skill level 1 in Fire Magic
  1887 | D:3      | Reached skill level 1 in Ice Magic
  1887 | D:3      | Reached skill level 1 in Air Magic
  1887 | D:3      | Reached skill level 1 in Earth Magic
  1887 | D:3      | Reached skill level 1 in Alchemy
  1887 | D:3      | HP: 1/51 [gnoll/+0 spear (5)]
  1887 | D:3      | Slain by a cerulean imp

Illustrated notes

Levels and vault maps discovered:
D:1:      wander_arrival_peaceful_grave, layout_basic,
          shapermc_ecumenical_altar_notcrosses, serial_curves, eino_curves_03,
          eino_curves_03, minmay_misc_feat_more_columns
D:2:      layout_basic
D:3:      layout_basic, gup_sewer_entry_bowl, amcnicky_altar_lugonu_corruption,
          uniq_natasha

Skill      XL: |  1  2  3  4 |
---------------+-------------+-----
Throwing       | | 10.5
Invocations    | 1 |  1.3
Short Blades   | 1 |  1.2
Long Blades    | 1 |  1.2
Maces & Flails | 1 |  1.2
Polearms       | 1 |  1.2
Staves         | 1 |  1.2
Ranged Weapons | 1 |  1.2
Dodging        | 1 |  1.2
Stealth        | 1 |  1.2
Shields        | 1 |  1.2
Unarmed Combat | 1 |  1.2
Spellcasting   | 1 |  1.2
Evocations     | 1 |  1.2
Shapeshifting  | 1 |  1.1
Conjurations   | 1 |  1.0
Hexes          | 1 |  1.0
Summonings     | 1 |  1.0
Necromancy     | 1 |  1.0
Translocations | 1 |  1.0
Fire Magic     | 1 |  1.0
Ice Magic      | 1 |  1.0
Air Magic      | 1 |  1.0
Earth Magic    | 1 |  1.0
Alchemy        | 1 |  1.0
Fighting       | |  2.8
Axes           | |  6.6
Armour         | |  2.8

Action                     |  1- 3 |  4- 6 || total
---------------------------+-------+-------++-------
  Melee: Hand axe          |    79 |    16 ||    95
         Bite              |     6 |     2 ||     8
    Use: Scroll            |     4 |       ||     4
         Potion            |       |     1 ||     1
 Armour: Leather armour    |    16 |       ||    16
         Chain mail        |    36 |    11 ||    47
         Skin              |       |    16 ||    16
  Dodge: Dodged            |    27 |     3 ||    30

Table legend: (Time is in decaauts)
 A = Elapsed time spent in this place.
 B = Non-inter-level travel time spent in this place.
 C = Inter-level travel time spent in this place.
 D = Time resting spent in this place.
 E = Time spent auto-exploring this place.
 F = Levels seen in this place.
 G = Mean time per level.
                   A        B        C        D        E       F      G
               +--------+--------+--------+--------+--------+-----+--------+
         Total |   1884 |   1738 |    146 |    114 |   1262 |   3 |  628.0 |
       Dungeon |   1884 |   1738 |    146 |    114 |   1262 |   3 |  628.0 |
               +--------+--------+--------+--------+--------+-----+--------+

Top non-repeatable levels by time:
     D:2: 896 daAuts
     D:1: 561 daAuts
     D:3: 427 daAuts
